 Dungeon Crawl Stone Soup version 0.24.0-1-gfbc8707122 (webtiles) character file.

Game seed: 16311660819134649915, levelgen mode: deterministic

338 Arum the Skirmisher (level 6, -4/56 HPs)
             Began as a Draconian Monk on Oct 28, 2019.
             Slain by an ogre
             ... wielding a +0 giant spiked club
              (8 damage)
             ... on level 3 of the Dungeon.
             The game lasted 00:04:27 (2240 turns).

Arum the Skirmisher (Draconian Monk)                Turns: 2240, Time: 00:04:28

Health: -4/56      AC:  7    Str: 13    XL:     6   Next: 29%
Magic:  6/6        EV: 20    Int: 10    God:
Gold:   138        SH:  0    Dex: 21    Spells: 5/5 levels left

rFire    . . .     SeeInvis .     - Unarmed
rCold    . . .     Gourm    +   (no shield)
rNeg     . . .     Faith    .   (armour unavailable)
rPois    .         Spirit   .   (helmet restricted)
rElec    .         Reflect  .   (no cloak)
rCorr    .         Harm     .   l - +0 pair of gloves
MR       .....                  (no boots)
Stlth    +++.......             j - amulet of the gourmand
HPRegen  0.18/turn              (no ring)
MPRegen  0.10/turn              (no ring)

@: agile, flying
A: unfitting armour, cold-blooded, AC +6
a: no special abilities


You were on level 3 of the Dungeon.
You were completely stuffed.

You visited 1 branch of the dungeon, and saw 4 of its levels.
You also visited: Sewer.

You collected 138 gold pieces.

Inventory:

Armour
 l - a +0 pair of gloves (worn)
Jewellery
 j - an amulet of the gourmand (around neck)
 q - an uncursed amulet of magic regeneration
Scrolls
 b - 3 scrolls of identify {unknown}
 d - 4 scrolls of teleportation {unknown}
 f - a scroll of blinking {unknown}
 g - a scroll of fog {unknown}
 i - a scroll of immolation {unknown}
 k - a scroll of noise {unknown}
 m - a scroll of fear {unknown}
 o - a scroll of remove curse {unknown}
 p - 2 scrolls of magic mapping {unknown}
Potions
 c - 4 potions of flight
 h - a potion of magic
Comestibles
 a - 4 rations


   Skills:
 + Level 5.2 Fighting
 + Level 4.3 Dodging
 - Level 1.7 Stealth
 + Level 4.7 Unarmed Combat


You had 5 spell levels left.
You didn't know any spells.
Your spell library was empty.

Dungeon Overview and Level Annotations

Branches:
Dungeon (4/15)              Sewer (visited)
 Temple: D:4-7

Altars:
Nemelex Xobeh


Innate Abilities, Weirdness & Mutations

Your plain brown scales are hard. (AC +6)
You cannot fit into any form of body armour.
You are cold-blooded and may be slowed by cold attacks.


Message History

You are too injured to fight recklessly!
You are too injured to fight recklessly!
You are too injured to fight recklessly!
You punch the ogre!
The ogre is moderately wounded.
The ogre hits you with a +0 giant spiked club!!
* * * LOW HITPOINT WARNING * * *
It was a potion of flight.
You feel very buoyant.
You fly up into the air.
The ogre barely misses you.
It was a potion of magic.
Magic courses through your body. The ogre closely misses you.
It was a potion of curing.
You feel better.
You feel agile all of a sudden.
The ogre hits you with a +0 giant spiked club!
* * * LOW HITPOINT WARNING * * *
You completely miss the ogre.
The ogre is moderately wounded.
The ogre hits you with a +0 giant spiked club!
You die...

#......####.### #.##
#.###..####.# #..# #.#
#.......########.#####
#.###..###.#..†....#......
#......# #(#.#####.#......
##########.#####.#.##.......####
#.............##......##.#..#...
#.#####.##.##.####.#####.#..#.##
#.# #.##.....@O..#####......##
#.#####.#####.###........#......
##.#.......###.##...#####.####.##
...#...........##...# #.#......
####.....#.######...# #.#.##.##
## #..#..#÷# #...#####.#.##.## .#
#..#..#.######.........#......
.###..#..#.#................##.##
.........................#..##[..


You could see an ogre.

Vanquished Creatures
  Purgy (Sewer)
  An ogre (D:3)
  A hound (D:3)
  5 adders
  2 oozes (D:2)
  A worm (D:3)
  3 orcs (D:3)
  9 ball pythons
  6 giant cockroaches
  4 goblins
  10 hobgoblins
  5 jackals (D:3)
  9 kobolds
  2 bats
  8 frilled lizards
  7 rats
74 creatures vanquished.

Notes
Turn   | Place    | Note
-------+----------+-------------------------------------------
     0 | D:1      | Arum the Draconian Monk began the quest for the Orb.
     0 | D:1      | Reached XP level 1. HP: 19/19 MP: 1/1
    91 | D:1      | Reached XP level 2. HP: 25/26 MP: 2/2
   800 | D:2      | Reached XP level 3. HP: 33/33 MP: 3/3
   862 | D:2      | Found a sparkling altar of Nemelex Xobeh.
  1147 | D:2      | Reached skill level 4 in Fighting
  1423 | D:3      | Reached XP level 4. HP: 35/40 MP: 4/4
  1433 | D:3      | Found a glowing drain.
  1445 | D:3      | Noticed an ogre
  1479 | D:3      | Killed an ogre
  1479 | D:3      | Reached XP level 5. HP: 29/47 MP: 5/5
  1497 | Sewer    | Entered a sewer
  1689 | Sewer    | Noticed Purgy
  1712 | Sewer    | Killed Purgy
  1712 | Sewer    | Reached skill level 5 in Fighting
  1712 | Sewer    | Reached XP level 6. HP: 40/56 MP: 6/6
  2240 | D:3      | Slain by an ogre

Levels and vault maps discovered:
D:1:      saegor_arrival_simple_b, layout_basic
D:2:      layout_rooms, lemuel_crystal_altar
D:3:      layout_loops_cross, portal_sewer_entry_a
D:4:      layout_cave_pools, uniq_ijyb, uniq_grinder

Skill      XL: |  1  2  3  4  5 |
---------------+----------------+-----
Dodging        | 3 4 |  4.3
Fighting       | 4 5 |  5.2
Unarmed Combat | 4 |  4.7
Stealth        | |  1.7

Action                   |  1- 3 |  4- 6 || total
-------------------------+-------+-------++-------
Melee: Unarmed           |   150 |   107 ||   257
       Tailslap          |    16 |    14 ||    30
       Punch             |     1 |     1 ||     2
  Use: Potion            |       |     9 ||     9
 Stab: Sleeping          |     8 |     1 ||     9
       Invisible         |       |     4 ||     4
  Eat: Chunk             |     2 |    18 ||    20
Armor: Skin              |    36 |    32 ||    68
Dodge: Dodged            |    81 |   128 ||   209
